 Dungeon Crawl Stone Soup version 0.20.0-8-g6b59dc7 (console) character file.

227 removed the Slasher (level 6, -3/35 HPs)
             Began as a Tengu Warper on May 31, 2017.
             Killed from afar by a white imp (14 damage)
             ... with a puff of frost
             ... summoned by Xom
             ... on level 3 of the Dungeon.
             The game lasted 00:06:15 (4096 turns).

removed the Slasher (Tengu Warper)                  Turns: 4096, Time: 00:06:15

Health: -3/35      AC:  4    Str: 11    XL:     6   Next: 2%
Magic:  10/10      EV: 12    Int: 14    God:    Xom [*.....]
Gold:   213        SH:  0    Dex: 15    Spells: 9/9 levels left

rFire    . . .     SeeInvis .   b - +2 dagger (venom)
rCold    . . .     Gourm    .   (no shield)
rNeg     . . .     Faith    +   m - +0 leather armour
rPois    .         Spirit   .   D - +1 hat
rElec    .         Reflect  .   (no cloak)
rCorr    .         Harm     .   (no gloves)
MR       .....                  (boots unavailable)
Stlth    +.........             h - amulet of faith
Regen    0.2/turn               (no ring)
MPRegen  0.2/turn               (no ring)

@: no status effects
A: beak, talons 3, able to fly 1
a: Fly, Renounce Religion


You were on level 3 of the Dungeon.
You worshipped Xom.
You were a special plaything of Xom.
You were near starving.

You visited 1 branch of the dungeon, and saw 4 of its levels.

You collected 213 gold pieces.

Inventory:

Hand Weapons
 a - a +0 falchion
 b - a +2 dagger of venom (weapon)
 g - a +0 blowgun
Missiles
 e - 5 tomahawks of dispersal (quivered)
 j - 2 tomahawks of returning
 x - 3 curare-tipped needles
 A - 2 throwing nets
 E - 24 poisoned needles
Armour
 m - a +0 leather armour (worn)
 o - a +0 buckler
 D - a +1 hat (worn)
Jewellery
 h - an amulet of faith (around neck)
 y - an uncursed ring of fire
Scrolls
 d - 2 scrolls of blinking
 n - 2 scrolls of remove curse {unknown}
 p - a scroll of identify {unknown}
 q - 2 scrolls of amnesia {unknown}
 r - a scroll of random uselessness {unknown}
 t - a scroll of recharging {unknown}
Potions
 l - a potion of agility {unknown}
 w - a potion of ambrosia {unknown}
 C - a potion of mutation {unknown}
Books
 c - a book of Spatial Translocations

   Spells                             Type                      Level
   a - Blink                          Translocation                2
   b - Shroud of Golubria             Charms/Translocation         2
   c - Lesser Beckoning               Translocation                3
   d - Gell's Gravitas                Translocation                3
   e - Teleport Other                 Translocation                3
   f - Passage of Golubria            Translocation                4
Comestibles
 f - 2 bread rations
 s - a royal jelly
 u - 2 meat rations


   Skills:
 - Level 2.0 Fighting
 + Level 6.6 Long Blades
 - Level 1.0 Throwing
 - Level 1.1 Armour
 - Level 2.1 Dodging
 - Level 2.0 Spellcasting
   Level 2.4 Translocations


You had 9 spell levels left.
You didn't know any spells.

Dungeon Overview and Level Annotations

Branches:
Dungeon (4/15)
 Temple: D:4-7

Altars:
Hepliaklqana
Xom

Annotations:
D:3 Sigmund
D:4 MirrMurr's ghost, novice DsGl


Innate Abilities, Weirdness & Mutations

You have a beak for a mouth.
You have claws for feet.
You can fly.


Message History

The poisoned needle barely misses the worm.
Firing (i - inventory. (,) - cycle):
E - 25 poisoned needles (quivered)
Press: ? - help, Shift-Dir - straight line, f/p - worm
Aim: a worm (severely wounded, poisoned)
You shoot a poisoned needle. The poisoned needle hits the worm.
The worm looks even sicker.
The worm is severely wounded.
Unknown command.
You kill the worm!
Firing (i - inventory. (,) - cycle):
E - 24 poisoned needles (quivered)
Press: ? - help, Shift-Dir - straight line, f - you
Okay, then.
a - a +0 falchion (weapon)
You start resting. "Time to have some fun!"
Your +2 dagger of venom begins to drip with poison!
b - a +2 dagger of venom (weapon)
The white imp gestures at you. The puff of frost hits you!
You die...

##.###..#.# #.....##....####.
##.###..#.# #...........(....
....##...#.## ##........#######.
.....รท..###.# #......##.# #.
##.####..#.## #.###.###.# #.
##..###.#.#.## #.# #.# #.# #.
.......#####.# #.# #.# #.# #.
###.#.#.###.## #.# #.# #.#######.
# #.#.#..#..####@###.###>#.....#.
###.#.#.#........5...........#.#.
...(.(.(....^..###.........<.....
#.#.#.#####.#5## ##..###.#.###.#.
..#.#.# #..## ##.###.#.....#.
....#.# #..# #.....#######.
..###.# ##.## ##.##### #. ......#
##.## ##^.###########. #.#####
##.###...............


You could see a white imp and a shadow imp.

Vanquished Creatures
  A hound (D:4)
  2 worker ants (D:4)
  3 gnolls (D:2)
  4 adders
  A worm (D:3)
  A dart slug (D:1)
  5 leopard geckos
  2 orcs (D:3)
  3 giant cockroaches
  2 goblins
  10 hobgoblins
  9 jackals
  8 kobolds
  3 quokkas
  11 bats
  5 frilled lizards
  A jackal skeleton (D:4)
  7 rats
78 creatures vanquished.

Notes
Turn   | Place    | Note
-------+----------+-------------------------------------------
     0 | D:1      | removed the Tengu Warper began the quest for the Orb.
     0 | D:1      | Reached XP level 1. HP: 12/12 MP: 4/4
   250 | D:1      | Reached skill level 3 in Long Blades
   250 | D:1      | Reached XP level 2. HP: 11/17 MP: 6/6
   423 | D:1      | You fall through a shaft!
   766 | D:1      | Reached XP level 3. HP: 16/21 MP: 7/7
  1081 | D:2      | Reached skill level 4 in Long Blades
  1614 | D:2      | Found a hazy altar of Hepliaklqana.
  1631 | D:2      | Reached XP level 4. HP: 25/26 MP: 8/8
  1701 | D:2      | Reached skill level 5 in Long Blades
  2235 | D:2      | Found a faded altar of an unknown god.
  2400 | D:2      | Became a worshipper of Xom of Chaos
  2500 | D:3      | XOM: potion effect (agility)
  2716 | D:3      | Noticed Sigmund
  2866 | D:3      | Gained mutation: You can fly. [Tengu growth]
  2866 | D:3      | Reached XP level 5. HP: 25/30 MP: 9/9
  2868 | D:3      | XOM: silly message
  3045 | D:3      | XOM: harmless Pois miscast
  3094 | D:3      | XOM: medium Hex miscast
  3405 | D:4      | Reached skill level 6 in Long Blades
  3595 | D:4      | Noticed MirrMurr's ghost (novice DsGl)
  3694 | D:3      | XOM: mild Fire miscast
  3728 | D:4      | XOM: noise
  3738 | D:4      | XOM: cleaving
  4005 | D:4      | XOM: blink monster(s)
  4021 | D:4      | Reached XP level 6. HP: 15/35 MP: 10/10
  4094 | D:3      | XOM: summons 2 hostile demons
  4096 | D:3      | Killed from afar by a white imp

Skill      XL: |  1  2  3  4  5 |
---------------+----------------+-----
Long Blades    | 3 4 5 6 |  6.6
Fighting       | |  2.0
Throwing       | |  1.0
Armour         | |  1.1
Dodging        | |  2.1
Spellcasting   | |  2.0
Translocations | |  2.4

Action                   |  1- 3 |  4- 6 || total
-------------------------+-------+-------++-------
Melee: Falchion          |    25 |       ||    25
       Kick              |    19 |    26 ||    45
       Peck              |    11 |    10 ||    21
       Dagger            |    61 |   102 ||   163
 Fire: Blowgun           |       |     4 ||     4
 Stab: Sleeping          |       |     2 ||     2
  Eat: Chunk             |     1 |     7 ||     8
Armor: Leather armour    |    25 |    14 ||    39
Dodge: Dodged            |    59 |    61 ||   120
       Rpst.: Falchion   |    10 |       ||    10
